 Dungeon Crawl Stone Soup version 0.24-a0-536-gdd4cf15266 (webtiles) character file.

Game seed: 4004543008862398467

31 Mithandil the Conjurer (level 3, 0/20 HPs)
             Began as a Tengu Conjurer on Aug 11, 2019.
             Succumbed to a worker ant's poison
             ... on level 2 of the Dungeon.
             The game lasted 00:06:35 (1239 turns).

Mithandil the Conjurer (Tengu Conjurer)             Turns: 1239, Time: 00:06:36

Health: 0/20       AC:  3    Str:  9    XL:     3   Next: 22%
Magic:  0/7        EV: 12    Int: 15    God:
Gold:   64         SH:  0    Dex: 14    Spells: 3/6 levels left

rFire    . . .     SeeInvis .   f - +0 hand axe
rCold    . . .     Gourm    .   (no shield)
rNeg     . . .     Faith    .   h - +0 leather armour
rPois    .         Spirit   .   (helmet restricted)
rElec    .         Reflect  .   (no cloak)
rCorr    .         Harm     .   (no gloves)
MR       .....                  (boots unavailable)
Stlth    ++........             (no amulet)
HPRegen  0.06/turn              (no ring)
MPRegen  0.10/turn              (no ring)

@: lethally poisoned (0 -> -16)
A: beak, talons 3
a: no special abilities


You were on level 2 of the Dungeon.
You were not hungry.

You visited 1 branch of the dungeon, and saw 3 of its levels.

You collected 64 gold pieces.

Inventory:

Hand Weapons
 f - a +0 hand axe (weapon)
Missiles
 b - 173 stones (quivered)
Armour
 h - a +0 leather armour (worn)
Scrolls
 a - a scroll of teleportation
Comestibles
 c - 6 rations
 g - a chunk of flesh


   Skills:
 + Level 0.5 Fighting
 + Level 2.4 Dodging
 + Level 2.3 Stealth
 * Level 2.4 Spellcasting
 * Level 5.8 Conjurations


You had 3 spell levels left.
You knew the following spells:

 Your Spells              Type           Power        Failure   Level  Hunger
a - Magic Dart            Conj           ###.         2%          1    #......
b - Searing Ray           Conj           ###...       4%          2    ###....

Your spell library contained the following spells:

 Spells                   Type           Power        Failure   Level  Hunger
 Dazzling Spray           Conj/Hex       ##....       26%         3    ###....
 Iskenderun's Mystic Bla  Conj           ###.....     26%         4    #####..
 Force Lance              Conj/Tloc      ##......     65%         4    #####..
 Fulminant Prism          Conj/Hex       ##........   65%         4    #####..


Dungeon Overview and Level Annotations

Branches:
Dungeon (3/15)

Altars:


Innate Abilities, Weirdness & Mutations

You have a beak for a mouth.
You have claws for feet.


Message History

You don't have enough magic to cast that spell.
Unknown command.
You barely miss the worker ant.
The worker ant is lightly wounded.
The worker ant bites you. x2
You are poisoned.
The worker ant poisons you!
You hit the worker ant.
You claw the worker ant, but do no damage.
The worker ant is moderately wounded.
You feel sick. The worker ant bites you.
You are lethally poisoned!
The worker ant poisons you!
You barely miss the worker ant.
The worker ant is moderately wounded.
You feel sick. The worker ant barely misses you. The worker ant bites you!
* * * LOW HITPOINT WARNING * * *
You hit the worker ant. You claw the worker ant.
The worker ant is severely wounded.
You die...

#.# # #.# # #.# # #.# #
#.# # #.############# .
#...........<<#
....####################
...).†a@....>...÷.......
...)####################
.


You could see a worker ant.

Vanquished Creatures
  An ooze (D:1)
  A leopard gecko (D:1)
  2 giant cockroaches (D:1)
  5 goblins
  4 hobgoblins
  A ball python (D:1)
  3 bats
  5 kobolds
  4 rats
26 creatures vanquished.

Notes
Turn   | Place    | Note
-------+----------+-------------------------------------------
     0 | D:1      | Mithandil the Tengu Conjurer began the quest for the Orb.
     0 | D:1      | Reached XP level 1. HP: 10/10 MP: 4/4
   364 | D:1      | Reached XP level 2. HP: 16/16 MP: 0/6
   368 | D:1      | Learned a level 2 spell: Searing Ray
   887 | D:1      | Reached XP level 3. HP: 20/20 MP: 3/7
  1239 | D:2      | Succumbed to a worker ant's poison

Levels and vault maps discovered:
D:1:      zaba_arrival_water, layout_loops_corners,
          minmay_misc_feat_four_crosses
D:2:      layout_basic
D:3:      layout_rooms, lemuel_doored_altar, marbit_many_paths,
          nicolae_qazlal_style_of_elements

Action                   || total
-------------------------++-------
Melee: Club              ||     3
       Kick              ||     4
       Unarmed           ||     2
       Whip              ||     1
       Peck              ||     1
       Hand axe          ||     4
 Cast: Magic Dart        ||    51
  Use: Potion            ||     3
       Scroll            ||     1
  Eat: Chunk             ||     2
Armor: Robe              ||     1
       Leather armour    ||     1
Dodge: Dodged            ||     9

Table legend:
 A = Non-vault XP
 B = Vault XP
 C = Vault XP percentage of total XP
 D = Non-vault monster count
 E = Vault monster count
 F = Vault count percentage of total count
                 A         B        C        D         E       F
            +---------+---------+-------+---------+---------+-------
      Total |      45 |       0 |   0.0 |      26 |       0 |   0.0
            +---------+---------+-------+---------+---------+-------
        D:1 |      36 |       0 |   0.0 |      20 |       0 |   0.0
        D:2 |       7 |       0 |   0.0 |       5 |       0 |   0.0
        D:3 |       2 |       0 |   0.0 |       1 |       0 |   0.0
            +---------+---------+-------+---------+---------+-------
